Map: Ruins of Seras

Players

IlIlllIIl (Stephano) - Winner!

  • Race: Zerg Zerg
  • League: Grandmaster

GunGFuBanDa

  • Race: Protoss Protoss
  • League: Grandmaster

Event: Homestory Cup XII

VOD

Have the link to the VOD?

Description

Time

  • Played on: Dec. 18, 2015, 2:41 p.m.
  • Length: 16:12

All games in this series

Show
View Real Time Build Order
Export as new Build Order

IlIlllIIl Zerg - Winner!

Build Orders: Hatch First 

Get SALT Encoding   

  12  0:01  Drone  
  13  0:12  Overlord  
  13  0:17  Drone  
  14  0:31  Drone x2  
  14  0:35  Drone  
  17  0:53  Hatchery  
  17  0:56  Drone  
  17  0:59  Drone  
  18  1:12  Spawning Pool  
  18  1:15  Drone  
  18  1:19  Drone  
  19  1:29  Drone, Extractor  
  19  1:46  Hatchery  
  18  1:49  Drone  
  19  1:59  Zergling x2  
  20  2:10  Queen  
  20  2:11  Queen  
  24  2:16  Overlord  
  24  2:20  Drone  
  25  2:26  Drone  
  26  2:32  Metabolic Boost  
  26  2:34  Drone  
  27  2:37  Drone  
  28  2:46  Queen  
  28  2:50  Drone  
  31  2:57  Drone  
  32  3:02  Drone x3  
  32  3:04  Queen  
  37  3:08  Zergling x4  
  40  3:12  Zergling x2  
  40  3:13  Zergling x2  
  40  3:16  Zergling x2  
  42  3:21  Overlord  
  42  3:24  Overlord  
  42  3:30  Overlord  
  42  3:44  Drone  
  42  3:45  Drone x4  
  47  3:50  Drone x3  
  50  3:56  Drone x4  
  50  3:57  Drone  
  50  4:01  Drone x4  
  59  4:03  Extractor  
  59  4:07  Drone x2  
  60  4:13  Drone  
  60  4:16  Roach Warren, Extractor  
  59  4:17  Extractor  
  59  4:23  Drone x5  
  60  4:31  Drone x3  
  60  4:33  Drone x3  
  60  4:35  Drone  
  60  4:36  Overlord  
  65  4:46  Evolution Chamber, Overlord  
  65  4:47  Evolution Chamber  
  63  4:55  Spore Crawler  
  63  4:56  Spore Crawler  
  63  4:58  Spore Crawler, Roach x5  
  70  5:01  Overlord  
  70  5:03  Drone  
  70  5:04  Drone  
  70  5:06  Roach  
  74  5:09  Roach  
  74  5:10  Roach  
  78  5:14  Zerg Melee Weapons Level 1  
  78  5:21  Zerg Ground Armor Level 1  
  78  5:22  Drone x2  
  78  5:24  Roach x2  
  84  5:33  Roach  
  84  5:34  Overlord, Roach  
  84  5:35  Overlord  
  88  5:41  Overlord  
  88  5:46  Drone x2, Extractor  
  89  5:50  Overlord x2  
  89  5:55  Zergling x2  
  89  5:56  Zergling x10  
  95  5:57  Ravager x4  
  95  5:59  Ravager  
  100  6:12  Zergling x8  
  100  6:13  Zergling x16  
  112  6:25  Drone x3  
  108  6:27  Zergling x4  
  111  6:36  Zergling x2  
  111  6:37  Spore Crawler  
  109  6:49  Zergling x18  
  109  6:53  Hatchery  
  93  7:01  Zergling x6  
  93  7:02  Zergling x4  
  96  7:09  Zergling x2  
  96  7:11  Lair  
  90  7:18  Zergling x4  
  90  7:19  Zergling x8  
  91  7:26  Zergling x4  
  91  7:28  Queen  
  86  7:35  Zergling x6  
  86  7:43  Zergling x10  
  81  7:53  Drone x2, Extractor  
  81  7:54  Drone x2  
  81  7:56  Hatchery  
  83  7:59  Drone  
  83  8:00  Drone  
  85  8:06  Queen  
  87  8:16  Zergling x10  
  87  8:17  Zergling x10  
  82  8:41  Zerg Ground Armor Level 2, Zerg Melee Weapons Level 2  
  82  8:45  Spire  
  82  8:46  Zergling x24  
  93  8:55  Roach x4  
  99  9:03  Drone  
  95  9:15  Drone x12  
  95  9:16  Drone x2  
  94  9:32  Spore Crawler  
  94  9:34  Drone x7  
  94  9:37  Spine Crawler  
  99  9:40  Drone x6  
  99  9:41  Drone x3, Queen  
  99  10:00  Mutalisk x7  
  99  10:04  Zerg Flyer Weapons Level 1  
  113  10:12  Mutalisk x4  
  119  10:19  Mutalisk x2  
  119  10:20  Mutalisk  
  125  10:30  Overlord x3  
  125  10:31  Overlord  
  125  10:49  Mutalisk x9  
  134  11:14  Mutalisk x8  
  145  11:19  Infestation Pit  
  145  11:20  Zergling x2  
  145  11:21  Zergling x22  
  148  11:37  Mutalisk  
  148  11:38  Mutalisk x2  
  144  11:50  Zergling x6  
  144  11:51  Zergling x8  
  133  12:02  Mutalisk x4  
  133  12:05  Zergling x24  
  138  12:14  Hive  
  133  12:17  Zergling x2  
  133  12:18  Zergling x14  
  141  12:27  Zerg Flyer Armor Level 1  
  141  12:31  Zergling x4  
  141  12:32  Zergling x8  
  126  13:01  Mutalisk x7  
  130  13:11  Corruptor  
  118  13:18  Zergling x26  
  118  13:19  Zergling x14  
  121  13:27  Ultralisk Cavern  
  121  13:28  Zergling x6  
  121  13:33  Corruptor x2  
  127  13:35  Zergling x6  
  130  13:48  Drone x11  
  141  13:50  Extractor x2  
  139  14:03  Hatchery  
  139  14:08  Zergling x2  
  139  14:09  Zergling x24  
  148  14:21  Chitinous Plating  
  148  14:24  Queen x3  
  152  14:34  Overseer  
  152  14:43  Overlord x4  
  141  15:08  Ultralisk  
  141  15:09  Ultralisk x3  
  141  15:12  Zergling x2  
  141  15:13  Zergling x8  
  128  15:32  Ultralisk  
  113  15:50  Zergling x4  
  113  15:51  Zergling x10  
Show
View Real Time Build Order
Export as new Build Order

GunGFuBanDa Protoss 

Build Orders: Nexus First 

Get SALT Encoding   

  12  0:00  Probe (Chrono Boost)  
  13  0:11  Probe (Chrono Boost)  
  14  0:18  Pylon  
  14  0:23  Probe (Chrono Boost)  
  15  0:36  Probe (Chrono Boost)  
  16  0:46  Probe (Chrono Boost)  
  18  0:57  Probe (Chrono Boost)  
  18  1:05  Nexus  
  18  1:08  Probe (Chrono Boost)  
  19  1:19  Gateway  
  19  1:22  Probe (Chrono Boost)  
  20  1:29  Assimilator  
  21  1:32  Probe (Chrono Boost)  
  21  1:35  Assimilator  
  21  1:43  Probe (Chrono Boost)  
  22  1:48  Gateway  
  22  1:54  Probe (Chrono Boost)  
  23  2:06  Cybernetics Core  
  23  2:17  Probe (Chrono Boost)  
  23  2:18  Probe (Chrono Boost)  
  25  2:28  Probe x2 (Chrono Boost)  
  27  2:38  Probe (Chrono Boost)  
  27  2:39  Probe (Chrono Boost)  
  27  2:42  Adept x2 (Chrono Boost), Warp Gate  
  33  2:49  Mothership Core (Chrono Boost)  
  35  2:52  Pylon  
  35  2:53  Probe  
  35  3:06  Probe (Chrono Boost)  
  35  3:10  Probe (Chrono Boost)  
  37  3:14  Robotics Facility  
  37  3:17  Probe (Chrono Boost)  
  38  3:21  Probe (Chrono Boost)  
  38  3:24  Adept  
  41  3:28  Probe (Chrono Boost)  
  41  3:29  Pylon  
  41  3:32  Probe (Chrono Boost)  
  43  3:38  Probe (Chrono Boost), Pylon  
  44  3:42  Probe (Chrono Boost)  
  44  3:49  Probe (Chrono Boost)  
  44  3:53  Probe (Chrono Boost)  
  46  3:58  Gateway  
  46  3:59  Sentry (Chrono Boost)  
  46  4:01  Robotics Bay  
  46  4:02  Probe (Chrono Boost)  
  49  4:03  Probe (Chrono Boost)  
  50  4:10  Warp Prism (Chrono Boost)  
  50  4:11  Probe  
  53  4:17  Pylon  
  53  4:25  Probe (Chrono Boost)  
  53  4:28  Probe (Chrono Boost)  
  53  4:37  Probe (Chrono Boost)  
  54  4:39  Probe (Chrono Boost)  
  54  4:40  Gateway  
  54  4:45  Assimilator  
  55  4:46  Assimilator  
  55  4:47  Probe (Chrono Boost), Forge  
  55  4:48  Disruptor (Chrono Boost)  
  55  4:50  Gravitic Drive (Chrono Boost)  
  59  4:58  Probe  
  60  5:00  Probe  
  60  5:03  Pylon  
  60  5:04  Sentry  
  63  5:11  Nexus  
  63  5:14  Pylon  
  63  5:16  Disruptor (Chrono Boost)  
  63  5:21  Pylon  
  66  5:23  Probe x2  
  66  5:26  Protoss Ground Weapons Level 1 (Chrono Boost)  
  68  5:35  Probe  
  67  5:36  Photon Cannon  
  67  5:38  Pylon  
  67  5:41  Sentry, Stalker  
  71  5:48  Probe  
  72  5:50  Disruptor, Pylon  
  72  5:54  Photon Cannon  
  75  5:58  Probe  
  75  6:00  Probe  
  77  6:07  Adept  
  77  6:10  Probe  
  80  6:13  Probe  
  80  6:16  Twilight Council  
  81  6:21  Immortal  
  81  6:22  Probe x2  
  81  6:25  Probe  
  84  6:32  Probe  
  88  6:34  Probe  
  88  6:36  Pylon  
  88  6:39  Stalker  
  90  6:40  Stalker x2  
  80  7:03  Adept x3  
  80  7:04  Adept  
  80  7:05  Probe  
  80  7:06  Probe x2  
  80  7:13  Protoss Ground Weapons Level 2 (Chrono Boost)  
  80  7:15  Probe  
  76  7:18  Probe  
  76  7:20  Probe  
  76  7:21  Pylon  
  76  7:22  Pylon  
  79  7:29  Immortal  
  73  7:31  Adept x4  
  73  7:35  Probe x2  
  82  7:47  Probe  
  78  7:57  Sentry x3  
  84  8:01  Nexus  
  84  8:02  Stalker  
  84  8:03  Immortal  
  84  8:05  Pylon  
  90  8:21  Adept x2  
  90  8:22  Adept  
  93  8:40  Probe  
  92  8:42  Probe  
  92  8:43  Pylon  
  89  8:50  Adept x4  
  89  8:52  Probe  
  89  8:53  Blink (Chrono Boost)  
  89  8:54  Probe  
  99  9:05  Probe  
  100  9:15  Sentry x2, Stalker  
  100  9:16  Disruptor (Chrono Boost)  
  103  9:19  Probe, Pylon, Assimilator  
  103  9:20  Probe  
  103  9:21  Assimilator  
  103  9:30  Protoss Ground Weapons Level 3  
  103  9:35  Stargate  
  103  9:37  Photon Cannon  
  103  9:52  Protoss Air Weapons Level 1 (Chrono Boost)  
  103  10:00  Stargate  
  103  10:02  Photon Cannon  
  95  10:16  Stalker  
  95  10:17  Stalker x3  
  95  10:19  Phoenix (Chrono Boost)  
  95  10:20  Phoenix (Chrono Boost)  
  105  10:23  Pylon, Photon Cannon  
  105  10:26  Photon Cannon  
  106  10:35  Observer  
  106  10:40  Phoenix (Chrono Boost)  
  106  10:41  Nexus  
  108  10:43  Pylon  
  108  10:46  Pylon, Phoenix (Chrono Boost)  
  110  11:03  Phoenix (Chrono Boost)  
  110  11:09  Phoenix (Chrono Boost)  
  111  11:14  Stalker  
  111  11:15  Stalker x3  
  117  11:25  Phoenix (Chrono Boost)  
  119  11:31  Phoenix (Chrono Boost)  
  109  11:35  Nexus  
  109  11:38  Stalker x4  
  109  11:46  Phoenix (Chrono Boost)  
  104  11:51  Phoenix (Chrono Boost)  
  98  12:03  Stalker x4  
  98  12:04  Phoenix  
  88  12:11  Phoenix  
  79  12:19  Mothership Core (Chrono Boost)  
  81  12:26  Phoenix  
  81  12:29  Sentry, Stalker  
  87  12:30  Stalker  
  87  12:31  Stalker  
  91  12:45  Photon Cannon  
  91  12:50  Phoenix  
  86  12:53  Phoenix  
  86  12:54  Stalker x2  
  86  13:07  Stalker x2  
  82  13:13  Phoenix  
  82  13:15  Probe (Chrono Boost)  
  82  13:18  Phoenix  
  83  13:22  Stalker x2  
  87  13:30  Stalker x2  
  87  13:32  Probe  
  92  13:35  Gateway  
  92  13:38  Phoenix  
  92  13:39  Probe  
  92  13:40  Probe  
  96  13:46  Phoenix  
  98  14:04  Sentry x2  
  102  14:10  Nexus  
  99  14:19  Stalker  
  99  14:20  Adept  
  103  14:29  Adept  
  103  14:30  Stalker, Adept  
  109  14:34  Photon Cannon  
  109  14:39  Stalker x2  
  113  14:49  Stalker  
  115  14:59  Adept x2  
  119  15:01  Adept x2  
  93  15:28  Stalker x2  
  88  15:41  Adept  
Tags
 
Add a new tag
Caveats
  • Supply blocks, unpowered buildings, or Contaminate may cause inaccurate times.
  • Supply counts are checked every 10 seconds.